 Dungeon Crawl Stone Soup version 0.15-a0-86-gda4a099 (webtiles) character file.

3063 Kanakotka the Slicer (level 9, -1/75 HPs)
             Began as a Purple Draconian Gladiator on Apr 7, 2014.
             Killed by divine providence
             ... invoked by an orc priest
              (11 damage)
             ... on Level 7 of the Dungeon on Apr 8, 2014.
             The game lasted 00:38:12 (9048 turns).

Kanakotka the Slicer (Purple Draconian Gladiator)   Turns: 9048, Time: 00:38:13

HP  -1/75        AC  9     Str 21      XL: 9   Next: 34%
MP   0/9         EV 14     Int  9      God:
Gold 442         SH  0     Dex 11      Spells:  0 memorised,  8 levels left

rFire  . . .     SeeInvis .     a - +1,+0 cutlass
rCold  . . .     Clarity  .     (armour unavailable)
rNeg   . . .     Conserve .     (no shield)
rPois  .         rCorr    .     c - -1 hat
rElec  .         rRot     .     (no cloak)
SustAb . .       Spirit   +     p - +0 pair of gloves
rMut   .         Warding  .     u - +1 pair of boots
Saprov . . .     Stasis   .     w - amulet of guardian spirit
MR     ++...                    r - ring of sustenance
                                o - ring of protection from magic

@: very slightly contaminated, very resistant to hostile enchantments,
unstealthy
A: breathe power, unfitting armour, AC +7
a: Breathe Dispelling Energy


You were on level 7 of the Dungeon.
You were not hungry.

You visited 2 branches of the dungeon, and saw 8 of its levels.
You also visited: Sewer.

You collected 442 gold pieces.

Inventory:

Hand weapons
 a - a +1,+0 cutlass (weapon)
 A - a +0,+3 dagger
Missiles
 d - 5 throwing nets (quivered)
Armour
 c - a -1 hat (worn)
 p - a +0 pair of gloves (worn)
 u - a +1 pair of boots (worn)
Magical devices
 y - a wand of lightning (4)
 D - a wand of polymorph (12)
Comestibles
 f - 5 bread rations
 v - a meat ration
 E - a rotting chunk of adder flesh
Scrolls
 e - 3 scrolls of fear
 l - 3 scrolls of recharging
 m - a scroll of teleportation
 s - 7 scrolls of identify
 t - 2 scrolls of remove curse
 x - a scroll of random uselessness
 z - a scroll of blinking
 B - a scroll of amnesia
Jewellery
 h - an uncursed ring of protection from magic
 k - an uncursed ring of magical power
 o - a ring of protection from magic (left hand)
 r - a ring of sustenance (right hand)
 w - an amulet of guardian spirit (around neck)
 C - an uncursed ring of protection from cold
Potions
 b - 2 potions of heal wounds
 g - a potion of might
 i - a potion of flight
 j - 8 potions of curing
 n - a potion of haste
 q - 4 potions of magic


   Skills:
 + Level 6.1 Fighting
 * Level 8.1 Short Blades
 - Level 1.7 Throwing
 + Level 5.4 Dodging
 * Level 7.2 Unarmed Combat


You had 8 spell levels left.
You didn't know any spells.

Dungeon Overview and Level Annotations

Branches:
Dungeon (7/15)             Temple (1/1) D:6

Altars:
Ashenzari
Cheibriados
Dithmenos
Elyvilon
Fedhas
Kikubaaqudgha
Makhleb
Nemelex Xobeh
Okawaru
Sif Muna
Trog
Vehumet
Xom
Yredelemnul
Zin
The Shining One


Message History

The orc priest misses you.
You hit the orc priest. Your punch misses the orc priest.
The orc priest is heavily wounded.
The orc priest closely misses you.
You hit the orc priest.
The orc priest is severely wounded.
The orc priest calls down the wrath of Beogh upon you.
Something smites you!
* * * LOW HITPOINT WARNING * * *
You closely miss the orc priest.
The orc priest is severely wounded.
The orc priest's eyes start to glow.
You closely miss the orc priest.
The orc priest is severely wounded.
The orc priest barely misses you.
You closely miss the orc priest.
The orc priest is severely wounded.
The orc priest mumbles some strange prayers to Beogh against you.
Something smites you!
You die...

..#........#.....##.##...........
..#....###.#.....##.##...........
..#....#.#.#.....##.##########'#.
..#....#...+.....##.##########.#.
..#....#.#.#.....##..........#.#.
..#....#.#.#.....###########.#.#.
..#....#.#.#.....# #.#.#.
..#....#.#.#.....# #.#.#.
..##+#.#.#.#....@###########.#.##
..##.#...#.#.....o.........#.#)#
#.#####.#.....#########.#.#.##
#.......####### #.#.#...
######### #.#[#### #.#...#
#.###.# #.# #)# #.# #%#


You could see an orc priest.

Vanquished Creatures
  The ghost of notcluie the Ruinous, an average TeFE (D:4)
  An ugly thing (D:5)
  2 hippogriffs
  An orc warrior (D:7)
  3 sky beasts
  3 centaurs
  4 ogres
  A big kobold (Sewer)
  A crocodile (D:6)
  A giant frog (D:6)
  A scorpion (D:5)
  A wight (D:6)
  A goliath beetle (D:6)
  2 crimson imps
  A big fish (D:6)
  2 centaur skeletons (D:6)
  A black bear skeleton (D:7)
  2 orc priests
  An orc wizard (D:7)
  5 worker ants
  Ijyb (D:2)
  Jessica (D:2)
  A worker ant zombie (D:6)
  3 gnolls (D:5)
  15 adders
  2 green rats
  4 worms
  2 giant eyeballs
  5 giant geckos
  17 orcs
  3 bat skeletons
  A bat zombie (D:6)
  2 giant cockroaches
  13 goblins
  14 hobgoblins
  5 jackals
  4 oozes
  2 quokkas
  5 ball pythons
  28 bats
  3 giant newts
  26 kobolds
  A quokka zombie (D:6)
  19 rats
212 creatures vanquished.

Notes
Turn   | Place    | Note
--------------------------------------------------------------
     0 | D:1      | Kanakotka, the Draconian Gladiator, began the quest for the Orb.
     0 | D:1      | Reached XP level 1. HP: 17/17 MP: 1/1
    58 | D:1      | Reached XP level 2. HP: 11/25 MP: 2/2
   480 | D:1      | Reached skill level 1 in Unarmed Combat
   838 | D:1      | Reached XP level 3. HP: 28/30 MP: 3/3
  1270 | D:2      | Found an ancient bone altar of Kikubaaqudgha.
  1348 | D:2      | Noticed Ijyb
  1375 | D:2      | Killed Ijyb
  1375 | D:2      | Reached XP level 4. HP: 20/38 MP: 4/4
  1500 | D:2      | Reached skill level 4 in Short Blades
  1935 | D:2      | Noticed Jessica
  1947 | D:2      | Killed Jessica
  2127 | D:2      | Reached XP level 5. HP: 41/45 MP: 5/5
  2456 | D:3      | Noticed an ogre
  2491 | D:3      | Killed an ogre
  2881 | D:3      | Reached XP level 6. HP: 42/52 MP: 6/6
  3080 | D:3      | Found a white marble altar of Elyvilon.
  3634 | D:4      | Got a twisted robe
  3636 | D:4      | Identified the +2 robe of the Four Curses {Dex-4 Int+2 Acc+5} (You found it on level 4 of the Dungeon)
  3686 | D:4      | Found a blossoming altar of Fedhas.
  3696 | D:4      | Noticed notcluie's ghost (average TeFE)
  3774 | D:5      | Entered Level 5 of the Dungeon
  3956 | D:5      | Reached skill level 5 in Short Blades
  3972 | D:5      | Found a glowing drain.
  3977 | Sewer    | Entered a sewer
  4510 | Sewer    | Your scales start taking on a rich purple colour.
  4510 | Sewer    | Reached XP level 7. HP: 50/58 MP: 5/7
  4688 | D:5      | Found a glowing golden altar of the Shining One.
  4730 | D:5      | Paralysed by a giant eyeball for 3 turns
  4834 | D:5      | You fall through a shaft!
  5228 | D:5      | Reached skill level 6 in Short Blades
  5683 | D:4      | Killed notcluie's ghost
  5683 | D:4      | Reached skill level 5 in Unarmed Combat
  5683 | D:4      | Reached XP level 8. HP: 67/67 MP: 6/8
  6071 | D:6      | Reached skill level 5 in Fighting
  6109 | D:6      | Noticed a brown ugly thing
  6112 | D:6      | Paralysed by a giant eyeball for 4 turns
  6216 | D:5      | Killed a brown ugly thing
  6216 | D:5      | Reached skill level 7 in Short Blades
  7034 | D:6      | Paralysed by a giant eyeball for 3 turns
  7397 | D:6      | Reached skill level 5 in Dodging
  7658 | D:6      | Reached XP level 9. HP: 54/75 MP: 6/9
  7965 | D:6      | Found a staircase to the Ecumenical Temple.
  7977 | Temple   | Entered the Ecumenical Temple
  8566 | D:7      | Reached skill level 8 in Short Blades
  9048 | D:7      | Killed from afar by an orc priest

Action                   |  1- 3 |  4- 6 |  7- 9 || total
-------------------------+-------+-------+-------++-------
Melee: Cutlass           |   146 |   410 |   587 ||  1143
 Abil: Breathe Dispellin |       |       |    16 ||    16
Evoke: Wand              |       |       |     2 ||     2
  Use: Scroll            |     2 |    13 |     9 ||    24
       Potion            |       |     6 |     5 ||    11
